 Dungeon Crawl Stone Soup version 0.29.1-1-gd02db6906a (webtiles) character file.

Game seed: 14313654163568085701

25 Huetiris the Covered (level 2, 0/27 HPs)
             Began as a Minotaur Fighter on Oct 13, 2022.
             Succumbed to a kobold's poison
             ... on level 2 of the Dungeon.
             The game lasted 00:11:21 (1261 turns).

Huetiris the Covered (Minotaur Fighter)             Turns: 1261, Time: 00:11:22

Health: 0/27       AC:  9    Str: 18    XL:     2   Next: 86%
Magic:  1/1        EV:  9    Int:  8    God:
Gold:   21         SH:  5    Dex: 12    Spells: 1/1 levels left

rFire   . . .      SeeInvis .   a - +0 war axe
rCold   . . .      Faith    .   c - +0 buckler
rNeg    . . .      Spirit   .   b - +0 scale mail
rPois   .          Reflect  .   (helmet restricted)
rElec   .          Harm     .   (no cloak)
rCorr   .          Rampage  .   (no gloves)
Will    .....                   (no boots)
Stlth   ..........              (no amulet)
HPRegen 0.09/turn               (no ring)
MPRegen 0.07/turn               (no ring)

@: brilliant, lethally poisoned (0 -> -3), about to teleport
A: horns 2, retaliatory headbutt, iridescent scales 1, agile 1, clever 1,
deterioration 1
a: no special abilities


You were on level 2 of the Dungeon.
You visited 1 branch of the dungeon, and saw 2 of its levels.

You collected 21 gold pieces.

Inventory:

Hand Weapons
 a - a +0 war axe (weapon)
 m - a +0 short sword of venom
 n - a +0 glaive
Armour
 b - a +0 scale mail (worn)
 c - a +0 buckler (worn)
 j - a +0 scale mail
Scrolls
 f - a scroll of enchant weapon {unknown}
 g - a scroll of amnesia {unknown}
 h - a scroll of identify {unknown}
 i - 3 scrolls of silence {unknown}
 k - a scroll of magic mapping {unknown}
 l - a scroll of vulnerability {unknown}
Potions
 d - a potion of might


   Skills:
 + Level 4.0 Fighting
 + Level 2.6 Axes
 + Level 4.1 Armour
 + Level 0.4 Dodging
 + Level 4.0 Shields


You had one spell level left.
You didn't know any spells.
Your spell library contained the following spells:

 Spells                   Type           Power      Damage    Failure   Level
 Summon Small Mammal      Summ           0%         N/A       86%         1
 Call Canine Familiar     Summ           0%         N/A       99%         3
 Summon Guardian Golem    Hex/Summ       0%         N/A       99%         3


Dungeon Overview and Level Annotations

Branches:
Dungeon (2/15)

Altars:

Shops:
D:1 [   D:2 *


Innate Abilities, Weirdness & Mutations

You have a pair of horns on your head.
You reflexively headbutt those who attack you in melee.
You are partially covered in iridescent scales. (AC +2)
You are agile. (Dex +4, Str/Int -1)
Your mind is acute. (Int +4, Str/Dex -1)
Your body sometimes deteriorates upon taking damage.


Message History

You block the kobold's attack.
You barely miss the kobold. You headbutt the kobold.
The kobold is moderately wounded.
The kobold hits you with a +0 short sword of venom.
You are poisoned.
The kobold hits you but does no damage.
You are more poisoned.
You hit the kobold.
The kobold is severely wounded.
You feel very sick. The kobold hits you but does no damage.
You are lethally poisoned!
You hit the kobold.
You kill the kobold!
You feel very sick.
You feel very sick.
* * * LOW HITPOINT WARNING * * *
You feel sick.
You see here 5 gold pieces.
It was a potion of brilliance.
You feel clever all of a sudden.
* * * LOW HITPOINT WARNING * * *
You feel very sick.
It was a potion of mutation.
You feel extremely strange.
Iridescent scales grow over part of your body.
You feel yourself wasting away.
You feel clever.
You feel agile.
* * * LOW HITPOINT WARNING * * *
You feel sick.
* * * LOW HITPOINT WARNING * * *
You feel sick.
Things that are here:
a +0 short sword of venom; 4 stones
m - a +0 short sword of venom
* * * LOW HITPOINT WARNING * * *
You feel sick.
As you read the scroll labelled TANUNUYMOI, it crumbles to dust.
You feel strangely unstable.
It was a scroll of teleportation.
* * * LOW HITPOINT WARNING * * *
You feel sick.
You die...

#####.#.##.............†.......##
#.#..........##.#.....>######
#.#.........#.#.#...##.# #
#.##...###......######.## #
#......# ###.#### #..# # ####.###
#.# ##.# #.# #.# #.#
#.#######.### #.# #....##..@..#
######.# ####.##..(..# #......#
#.##.....# #.####.# #.##..<..#
#.#....# #.##.....# #.#.##.#
####.######## #.#.##.#
#......<...# #......#
#.##...###.# ###.####
#.##.....#.# #.#


There were no monsters in sight!

Vanquished Creatures
  3 bats
  A giant cockroach (D:1)
  4 hobgoblins
  3 jackals (D:1)
  2 quokkas (D:2)
  3 ball pythons
  2 frilled lizards (D:2)
  A goblin (D:1)
  2 kobolds
  4 rats
25 creatures vanquished.

Vanquished Creatures (others)
  3 fungi (D:1)
  3 plants (D:1)
6 creatures vanquished.

Grand Total: 31 creatures vanquished

Notes
Turn   | Place    | Note
-------+----------+-------------------------------------------
     0 | D:1      | Huetiris the Minotaur Fighter began the quest for the Orb.
     0 | D:1      | Reached XP level 1. HP: 19/19 MP: 0/0
    45 | D:1      | Found Onawn's Antique Armour Shop.
   191 | D:1      | Reached XP level 2. HP: 27/27 MP: 1/1
   590 | D:1      | Found a faded altar of an unknown god.
  1048 | D:2      | Found Feroc's General Store.
  1257 | D:2      | Gained mutation: You are partially covered in iridescent
                  | scales. (AC +2) [potion of mutation]
  1257 | D:2      | Gained mutation: Your body sometimes deteriorates upon
                  | taking damage. [potion of mutation]
  1257 | D:2      | Gained mutation: Your mind is acute. (Int +4, Str/Dex -1)
                  | [potion of mutation]
  1257 | D:2      | Gained mutation: You are agile. (Dex +4, Str/Int -1)
                  | [potion of mutation]
  1260 | D:2      | HP: 1/27 [poisoned by a kobold]
  1261 | D:2      | Succumbed to a kobold's poison

Illustrated notes

Levels and vault maps discovered:
D:1:      psy_arrival_dodecagon, layout_loops_ring, serial_shops, shop,
          shapermc_ecumenical_altar_petra
D:2:      layout_loops_cross, serial_shops, nicolae_shop_window_shopping

Skill      XL: |  1  2 |
---------------+-------+-----
Shields        | 4 |  4.0
Armour         | 4 |  4.1
Fighting       | 4 |  4.0
Axes           | |  2.6
Dodging        | |  0.4

Action                   || total
-------------------------++-------
Melee: War axe           ||    52
       Headbutt          ||    10
  Use: Potion            ||     2
       Scroll            ||     1
Armor: Scale mail        ||    24
Dodge: Dodged            ||    27
Block: Buckler           ||     8
